 Dungeon Crawl Stone Soup version 0.23.2-1-ga50397a (webtiles) character file.

Game seed: 11929849226146738616

716 shadizar the Skirmisher (level 7, -1/46 HPs)
             Began as a Gargoyle Fighter on Apr 27, 2019.
             Slain by an ogre
             ... wielding a +0 giant spiked club
              (20 damage)
             ... on level 3 of the Dungeon.
             The game lasted 00:07:30 (3797 turns).

shadizar the Skirmisher (Gargoyle Fighter)          Turns: 3797, Time: 00:07:30

Health: -1/46      AC: 13    Str: 21    XL:     7   Next: 69%
Magic:  7/7        EV:  8    Int:  9    God:
Gold:   206        SH:  9    Dex:  9    Spells: 6/6 levels left

rFire    . . .     SeeInvis .   v - +4 mace
rCold    . . .     Gourm    .   c - +0 shield
rNeg     + . .     Faith    .   b - +0 scale mail
rPois    ∞         Spirit   .   (no helmet)
rElec    +         Reflect  .   (no cloak)
rCorr    .         Harm     .   (no gloves)
MR       .....                  j - +0 pair of boots
Stlth    ..........             (no amulet)
HPRegen  0.15/turn              (no ring)
MPRegen  0.10/turn              (no ring)

@: no status effects
A: negative energy resistance 1, electricity resistance, unbreathing,
petrification resistance, rot immunity, AC +4
a: no special abilities


You were on level 3 of the Dungeon.
You were not hungry.

You visited 1 branch of the dungeon, and saw 5 of its levels.

You collected 206 gold pieces.

Inventory:

Hand Weapons
 v - a +4 mace (weapon)
Armour
 b - a +0 scale mail (worn)
 c - a +0 shield (worn)
 j - a +0 pair of boots (worn)
Jewellery
 d - a cursed amulet of magic regeneration {unknown}
 s - a cursed ring of teleportation {unknown}
Wands
 h - a wand of paralysis (9)
Scrolls
 a - a scroll of teleportation {unknown}
 e - a scroll of enchant weapon {unknown}
 i - 2 scrolls of enchant armour {unknown}
 k - a scroll of fear {unknown}
 m - a scroll of random uselessness {unknown}
 n - 2 scrolls of identify {unknown}
 r - 2 scrolls of remove curse {unknown}
Potions
 g - a potion of mutation {unknown}
 l - a potion of lignification {unknown}
 o - a potion of haste {unknown}
 p - a potion of invisibility {unknown}
 q - a potion of flight {unknown}
 t - 2 potions of agility {unknown}
Comestibles
 f - 9 rations


   Skills:
 * Level 6.2 Fighting
 + Level 3.7 Maces & Flails
 + Level 4.8 Armour
 + Level 2.4 Dodging
 + Level 4.9 Shields


You had 6 spell levels left.
You didn't know any spells.
Your spell library was empty.

Dungeon Overview and Level Annotations

Branches:
Dungeon (5/15)
 Temple: D:4-7

Altars:
Hepliaklqana
Kikubaaqudgha
Okawaru
Sif Muna
Vehumet


Innate Abilities, Weirdness & Mutations

You are resistant to torment.
Your stone body is resilient. (AC +4)
You are immune to poison.
You resist negative energy. (rN+)
You are resistant to electric shocks. (rElec)
You can survive without breathing.
You are immune to petrification.
You are immune to rotting.


Message History

The orc hits you but does no damage. You block the orc's attack.
You closely miss the orc.
The orc is moderately wounded.
The ogre barely misses you. The orc hits you but does no damage.
You thump the orc!
You kill the orc!
The ogre hits you with a +0 giant spiked club.
You hit the ogre.
The ogre is moderately wounded.
You block the ogre's attack.
You hit the ogre.
The ogre is moderately wounded.
The ogre hits you with a +0 giant spiked club!!
Ouch! That really hurt!
You are too injured to fight recklessly!
You are too injured to fight recklessly!
Your shield and scale mail prevent you from hitting the ogre.
The ogre is moderately wounded.
The ogre hits you with a +0 giant spiked club!!
You die...

##.##.#.# #.#...#.#.###.....
.<.##.#.# #.#...#.......###'
##.##.#[# #.#.#.#.####### #.
...##.#.# #.#.#...# #.
...##.#.########.#.#...#########.
.[.'.............................
...##.#.########.........###.###.
...##.#+########.........# #.####
...##...........@O.......# #))...
...##...........[........# #))###
#####.......###.#........###..###
#.......# #...............##.
#.......# ####.####.####.####
#.......# #........<......
#.#'##### #######.#(#O#### #.#.#
#######.#(#.o... #.#.#
#....##.#.#.####


You could see an ogre.

Vanquished Creatures
  Menkaure (D:5)
  A sky beast (D:5)
  An ogre (D:5)
  A centaur zombie (D:5)
  An orc priest (D:2)
  3 orc wizards
  A bullfrog skeleton (D:5)
  A hound skeleton (D:4)
  3 gnolls (D:3)
  6 adders
  2 shadow imps (D:5)
  2 adder zombies (D:5)
  3 oozes
  5 worms
  A leopard gecko (D:2)
  15 orcs
  3 ball pythons
  7 bats
  7 giant cockroaches
  13 goblins
  8 hobgoblins
  9 jackals
  4 kobolds (D:1)
  6 frilled lizards
  A leopard gecko zombie (D:5)
  5 rats
110 creatures vanquished.

Notes
Turn   | Place    | Note
-------+----------+-------------------------------------------
     0 | D:1      | shadizar the Gargoyle Fighter began the quest for the Orb.
     0 | D:1      | Reached XP level 1. HP: 14/14 MP: 1/1
    63 | D:1      | Reached XP level 2. HP: 10/19 MP: 2/2
   338 | D:1      | Reached XP level 3. HP: 18/24 MP: 3/3
   513 | D:2      | Found an ancient bone altar of Kikubaaqudgha.
   737 | D:2      | Reached skill level 4 in Fighting
   737 | D:2      | Reached skill level 1 in Dodging
   741 | D:2      | Reached XP level 4. HP: 27/29 MP: 4/4
   975 | D:2      | Found a deep blue altar of Sif Muna.
  1286 | D:3      | Reached XP level 5. HP: 34/34 MP: 5/5
  2036 | D:3      | You fall through a shaft for 2 floors!
  2036 | D:5      | Entered Level 5 of the Dungeon
  2368 | D:5      | Noticed Menkaure
  2385 | D:5      | HP: 1/34 [Menkaure/nerve-wracking pain (3)]
  2395 | D:5      | Killed Menkaure
  2395 | D:5      | Reached skill level 5 in Fighting
  2395 | D:5      | Reached XP level 6. HP: 5/40 MP: 6/6
  2704 | D:5      | Noticed a sky beast
  2746 | D:5      | Killed a sky beast
  2761 | D:5      | Reached XP level 7. HP: 24/44 MP: 7/7
  3367 | D:4      | Found a hazy altar of Hepliaklqana.
  3367 | D:4      | Found an iron altar of Okawaru.
  3370 | D:4      | Found a radiant altar of Vehumet.
  3449 | D:4      | Reached skill level 6 in Fighting
  3797 | D:3      | Slain by an ogre

Skill      XL: |  1  2  3  4  5  6  7 |
---------------+----------------------+-----
Fighting       | 4 5 6 |  6.2
Dodging        | 1 2 |  2.4
Shields        | 4 |  4.9
Armour         | 4 |  4.8
Maces & Flails | 3 |  3.7

Action                   |  1- 3 |  4- 6 |  7- 9 || total
-------------------------+-------+-------+-------++-------
Melee: Flail             |   146 |   273 |    93 ||   512
       Mace              |       |       |    36 ||    36
  Use: Potion            |       |     3 |       ||     3
  Eat: Chunk             |       |     3 |     4 ||     7
       Ration            |       |     1 |       ||     1
Armor: Scale mail        |    89 |   154 |    69 ||   312
Dodge: Dodged            |    52 |   106 |    53 ||   211
Block: Shield            |   104 |   170 |    77 ||   351
